 Dungeon Crawl Stone Soup version 0.17-a0-1910-g4c791fa (webtiles) character file.

4 ololoev the Skirmisher (level 1, -3/20 HPs)
             Began as a Hill Orc Fighter on Sept 25, 2015.
             Killed from afar by an orc wizard (4 damage)
             ... with a magic dart
             ... on level 4 of the Dungeon.
             The game lasted 00:01:40 (150 turns).

ololoev the Skirmisher (Hill Orc Fighter)            Turns: 150, Time: 00:01:41

Health: -3/20      AC:  6    Str: 18    XL:     1   Next: 70%
Magic:  1/1        EV:  7    Int:  8    God:
Gold:   24         SH:  0    Dex: 10    Spells: 0 memorised, 0 levels left

rFire  . . .     SeeInvis .     a - +0 war axe
rCold  . . .     Clarity  .     b - +0 scale mail
rNeg   . . .     SustAt   .     c - +0 shield
rPois  .         Gourm    .     (no helmet)
rElec  .         Spirit   .     (no cloak)
rCorr  .         Warding  .     (no gloves)
rMut   .         Stasis   .     (no boots)
MR     .....                    (no amulet)
Stlth  ..........               (no ring)
                                (no ring)

@: confused, very slightly contaminated, invisible, not resistant to hostile
enchantments, extremely unstealthy
A: no striking features
a: no special abilities

Inventory:

Hand weapons
 a - a +0 war axe (weapon)
Armour
 b - a +0 scale mail (worn)
 c - a +0 shield (worn)
Scrolls
 f - a scroll of identify {unknown}
 g - a scroll of enchant armour {unknown}
 h - a scroll of amnesia {unknown}
Potions
 d - a potion of might
Comestibles
 e - a bread ration
 i - a beef jerky


   Skills:
 + Level 3.7 Fighting
 * Level 3.1 Axes
 + Level 3.4 Armour
 - Level 3.2 Shields


You couldn't memorise any spells.
You didn't know any spells.


You were on level 4 of the Dungeon.
You were not hungry.

You visited 1 branch of the dungeon, and saw 4 of its levels.

You collected 24 gold pieces.

#.........#........#
#.#####...#.####.###
#.# #####.# #.# #..
. ... #.# ... ..
##.# #.## ... ##.
#.. #..## .(.
#...##.###...# .....
#..#'#.#
..?...#.@'∩+.#
.._...†o##'#.#
......####...# .....
##### #... ##. #$ #

Notes
Turn   | Place    | Note
--------------------------------------------------------------
     0 | D:1      | ololoev the Hill Orc Fighter began the quest for the Orb.
     0 | D:1      | Reached XP level 1. HP: 19/19 MP: 1/1
   123 | D:4      | Found Wawoq's Book Emporium.
   129 | D:4      | Found a shadowy altar of Dithmenos.
   148 | D:4      | HP: 1/20 [something/magic dart (5)]
   150 | D:4      | Killed from afar by an orc wizard

Dungeon Overview and Level Annotations

Branches:
Dungeon (4/15)
 Temple: D:4-7

Altars:
Dithmenos

Shops:
D:4 :


Message History

You kill the orc!
You barely miss something. Something hits you but does no damage.
You closely miss something. You hit the orc but do no damage.
The orc closely misses you.
You hear some strange, mumbled words.
A puff of flame appears from out of thin air!
You block the puff of flame. Something hits you but does no damage.
You block the orc's attack.
You hit something but do no damage. You barely miss the orc.
The orc hits you but does no damage. Something hits you but does no damage.
You hit something but do no damage. You barely miss the orc.
You hear some strange, mumbled words.
You are confused.
The orc barely misses you.
You hear some strange, mumbled words.
You are more confused.
Unknown command.
You bump into the rock wall.
The orc hits you but does no damage. Something hits you but does no damage.
Drink which item? (? for menu, Esc to quit)
It was a potion of invisibility.
You fade into invisibility!
The orc barely misses you. Something hits you but does no damage.
You are very lightly contaminated with residual magic.
You closely miss the orc. The orc closely misses you.
The orc hits you with a short sword.
You closely miss the orc. You completely miss something. Something hits you.
The orc barely misses you.
You barely miss the orc. You completely miss something.
You hear some strange, mumbled words.
A magic dart appears from out of thin air!
The magic dart hits you! The orc hits you but does no damage.
Something hits you but does no damage.
You miss the orc. You completely miss something. The orc barely misses you.
Something hits you but does no damage.
You bump into the rock wall.
The orc closely misses you.
You hear some strange, mumbled words.
A magic dart appears from out of thin air!
The magic dart hits you!
You die...

You could see an orc.

Vanquished Creatures
  An orc (D:4)
  A hobgoblin (D:2)
  2 rats (D:2)
4 creatures vanquished.

Action                   || total
-------------------------++-------
Melee: War axe           ||    20
  Use: Potion            ||     1

Vault maps used:
D:1:      dpeg_arrival_concentric_ovals, kennysheep_small_spiral
D:2:      lemuel_upstairs_altar, grunt_temple_overflow_cloverleaf, uniq_robin
D:3:      uniq_grinder, uniq_crazy_yiuf_cottage, uniq_sigmund
D:4:      lemuel_round_altar, minmay_temple_entry_butterflies, serial_shops,
          kennysheep_mini, serial_glass, glass_columns_c, glass_columns_a,
          first_bread
